 Dungeon Crawl Stone Soup version 0.29-a0-615-gdeedd76 (webtiles) character file.

Game seed: 5030103150203689177

35 PurpleRed the Sneak (level 3, -1/20 HPs)
             Began as a Deep Elf Brigand on June 18, 2022.
             Slain by a worm (8 damage)
             ... on level 3 of the Dungeon.
             The game lasted 00:05:03 (598 turns).

PurpleRed the Sneak (Deep Elf Brigand)               Turns: 598, Time: 00:05:04

Health: -1/20      AC:  2    Str:  8    XL:     3   Next: 16%
Magic:  10/10      EV: 12    Int: 17    God:
Gold:   41         SH:  0    Dex: 18    Spells: 9/9 levels left

rFire   + . .      SeeInvis .   a - +2 dagger
rCold   + . .      Faith    .   (no shield)
rNeg    . . .      Spirit   .   b - +0 robe
rPois   +          Reflect  .   (no helmet)
rElec   +          Harm     .   c - +0 cloak
rCorr   +          Rampage  .   (no gloves)
Will    .....      Clarity  +   (no boots)
Stlth   ++++......              (no amulet)
HPRegen 0.06/turn               (no ring)
MPRegen 0.12/turn               (no ring)

@: resistant
A: thin skeletal structure 1, clarity, deformed body
a: no special abilities


You were on level 3 of the Dungeon.
You visited 1 branch of the dungeon, and saw 3 of its levels.

You collected 41 gold pieces.

Inventory:

Hand Weapons
 a - a +2 dagger (weapon)
 f - a +0 hand axe
Missiles
 d - 6 poisoned darts (quivered)
Armour
 b - a +0 robe (worn)
 c - a +0 cloak (worn)
Scrolls
 j - 2 scrolls of amnesia {unknown}
 m - a scroll of noise {unknown}
 o - a scroll of identify {unknown}


   Skills:
 - Level 1.5 Fighting
 - Level 2.0 Short Blades
 - Level 2.0 Throwing
 - Level 1.2 Dodging
 - Level 4.8 Stealth
 + Level 3.9 Spellcasting


You had 9 spell levels left.
You didn't know any spells.
Your spell library was empty.

Dungeon Overview and Level Annotations

Branches:
Dungeon (3/15)

Altars:


Innate Abilities, Weirdness & Mutations

You have a somewhat thin skeletal structure. (Dex +2, Stealth+)
You possess an exceptional clarity of mind.
Armour fits poorly on your strangely shaped body.


Message History

The water moccasin attacks as you move away!
The water moccasin bites you.
* * * LOW HITPOINT WARNING * * *
Your surroundings suddenly seem different.
You open the door.
There is an open door here.
Unknown command.
You close the door.
You open the door.
There is an open door here.
You open the door.
A worm comes into view.
There is an open door here.
Throw: 10 darts (poison)
Press: ? - help, Q - select action Shift-Dir - straight line, f - worm
Aim: a worm (asleep, 98% to hit)
You throw a poisoned dart. The poisoned dart hits the worm.
The worm is poisoned.
Throw: 9 darts (poison)
Press: ? - help, Q - select action Shift-Dir - straight line, f/p - worm
Aim: a worm (poisoned, 79% to hit)
You throw a poisoned dart.
The poisoned dart barely misses the worm.
Throw: 8 darts (poison)
Press: ? - help, Q - select action Shift-Dir - straight line, f/p - worm
Aim: a worm (poisoned, 79% to hit)
You throw a poisoned dart.
The poisoned dart completely misses the worm.
Throw: 7 darts (poison)
Press: ? - help, Q - select action Shift-Dir - straight line, f/p - worm
Aim: a worm (poisoned, 79% to hit)
You throw a poisoned dart. The poisoned dart hits the worm.
The worm looks even sicker.
The worm closely misses you.
You hit the worm.
The worm is moderately wounded.
You hit the worm but do no damage.
The worm is moderately wounded.
The worm bites you!
You die...

...........# .. #.#
... ##+#§#####
...###### #.§§§§§.)#
#.....(# #.§§§§§..+
+.....(# #.§§S§§..#
#.....(# ##§§§..###
#.....w# #.§.#.#
+.....@# #§§.#.#
#......#########.#
#####'##....#
##'#####
#.........###......##
#.........'.+.......+
#.........#.#.......#
#.........#.#.......#
+.......###.##+####.#
#........ ..# #....#


You could see a worm (very poisoned).

Vanquished Creatures
  An adder (D:3)
  A worm (D:2)
  2 ball pythons
  3 bats
  3 endoplasms
  A giant cockroach (D:1)
  3 goblins
  A hobgoblin (D:2)
  A quokka (D:2)
  2 kobolds
  3 rats
21 creatures vanquished.

Notes
Turn   | Place    | Note
-------+----------+-------------------------------------------
     0 | D:1      | PurpleRed the Deep Elf Brigand began the quest for the Orb.
     0 | D:1      | Reached XP level 1. HP: 12/12 MP: 3/3
    37 | D:1      | Reached skill level 1 in Spellcasting
   201 | D:1      | Reached XP level 2. HP: 14/16 MP: 7/7
   532 | D:3      | Reached XP level 3. HP: 19/20 MP: 10/10
   561 | D:3      | Noticed a water moccasin
   565 | D:3      | Gained mutation: Armour fits poorly on your strangely
                  | shaped body. [potion of mutation]
   565 | D:3      | Gained mutation: You have a somewhat thin skeletal
                  | structure. (Dex +2, Stealth+) [potion of mutation]
   565 | D:3      | Gained mutation: You possess an exceptional clarity of
                  | mind. [potion of mutation]
   598 | D:3      | Slain by a worm

Illustrated notes

Levels and vault maps discovered:
D:1:      erik_arrival_blinker_ship, layout_basic, basic_ecumenical_altar,
          minmay_misc_feat_alley
D:2:      layout_basic
D:3:      layout_basic, gammafunk_ghost_mausoleum, st_stairs_14, uniq_grinder,
          uniq_robin

Skill      XL: |  1  2 |
---------------+-------+-----
Spellcasting   | 2 3 |  3.9
Fighting       | |  1.5
Short Blades   | |  2.0
Throwing       | |  2.0
Dodging        | |  1.2
Stealth        | |  4.8

Action                   || total
-------------------------++-------
Melee: Dagger            ||    42
Throw: Dart              ||    24
  Use: Potion            ||     4
       Scroll            ||     2
 Stab: Sleeping          ||     5
Armor: Robe              ||     8
Dodge: Dodged            ||    23

Table legend: (Time is in decaauts)
 A = Elapsed time spent in this place.
 B = Non-inter-level travel time spent in this place.
 C = Inter-level travel time spent in this place.
 D = Time resting spent in this place.
 E = Time spent auto-exploring this place.
 F = Levels seen in this place.
 G = Mean time per level.
                   A        B        C        D        E       F      G
               +--------+--------+--------+--------+--------+-----+--------+
         Total |    590 |    555 |     35 |      0 |      0 |   3 |  196.7 |
       Dungeon |    590 |    555 |     35 |      0 |      0 |   3 |  196.7 |
               +--------+--------+--------+--------+--------+-----+--------+

Top non-repeatable levels by time:
     D:1: 248 daAuts
     D:2: 184 daAuts
     D:3: 157 daAuts
